 Dungeon Crawl Stone Soup version 0.31-a0-986-g5e6e4ef867 (webtiles) character file.

Game seed: 11101057526112886877

1 jasper the Grasshopper (level 1, 0/15 HPs)
             Began as a Meteoran Wanderer on Nov 10, 2023.
             Slain by a jackal (1 damage)
             ... on level 1 of the Dungeon.
             The game lasted 00:00:22 (63 turns).

jasper the Grasshopper (Meteoran Wanderer)            Turns: 63, Time: 00:00:22

Health: 0/15       AC:  2    Str: 12    XL:     1   Next: 28%
Magic:  3/3        EV: 11    Int: 15    God:
Gold:   0          SH:  0    Dex: 12    Spells: 1/2 levels left

rFire   . . .        a - +0 dagger
rCold   . . .        (no shield)
rNeg    . . .        e - +0 robe
rPois   .            (no helmet)
rElec   .            (no cloak)
rCorr   .            (no gloves)
SInv    .            (no boots)
Will    .....        (no amulet)
Stlth   +            (no ring)
HPRegen 0.22/turn    (no ring)
MPRegen 0.08/turn

%: no passive effects
@: glowing
A: sense surroundings 1, otherworldly, glowing, explore regen
a: no special abilities


You were on level 1 of the Dungeon.
You visited 1 branch of the dungeon, and saw 1 of its levels.

Inventory:

Hand Weapons
 a - a +0 dagger (weapon)
Missiles
 b - 8 poisoned darts (quivered)
 f - 7 stones
 g - 5 boomerangs
Armour
 e - a +0 robe (worn)
Scrolls
 c - a scroll of fog
Potions
 d - a potion of attraction


   Skills:
 + Level 0.4 Fighting
 - Level 3.6 Throwing
 - Level 1.3 Spellcasting
 - Level 3.6 Translocations
 - Level 1.2 Invocations
 - Level 2.4 Evocations


You had one spell level left.
You knew the following spells:

 Your Spells              Type           Power      Damage    Failure   Level
a - Apportation           Tloc           22%        N/A       5%          1

Your spell library contained the following spells:

 Spells                   Type           Power      Damage    Failure   Level
 Momentum Strike          Conj/Tloc      12%        3d8       17%         2
 Passage of Golubria      Tloc           11%        N/A       47%         4


Dungeon Overview and Level Annotations

Branches:
Dungeon (1/15) Zot: 535

Altars:


Innate Abilities, Weirdness & Mutations

You passively map a small area around you.
You are easily found by Zot.
You glow in the dark.
You regain HP and MP as you explore.


Message History

You take 3 damage, and have 8/15 hp.
A hobgoblin comes into view.
The hobgoblin shouts!
The goblin hits you but does no damage. The jackal bites you.
The jackal attacks as it pursues you! The jackal bites you.
The jackal attacks as it pursues you! The jackal bites you.
The jackal attacks as it pursues you!
The jackal bites you but does no damage.
The goblin attacks as it pursues you! The goblin hits you with a +0 dagger.
The jackal barely misses you.
You take 4 damage, and have 5/15 hp.
MASSIVE DAMAGE!!
The goblin attacks as it pursues you! The goblin barely misses you.
The goblin attacks as it pursues you! The goblin misses you.
The jackal barely misses you. The jackal misses you.
The jackal attacks as it pursues you! The jackal bites you.
* * * LOW HITPOINT WARNING * * *
You take 2 damage, and have 4/15 hp.
You hit the jackal but do no damage. The jackal closely misses you.
The jackal bites you.
* * * LOW HITPOINT WARNING * * *
You take 1 damage, and have 3/15 hp.
You barely miss the jackal. The jackal bites you.
* * * LOW HITPOINT WARNING * * *
You hit the jackal.
The jackal is moderately wounded.
The jackal barely misses you.
The jackal bites you but does no damage.
You barely miss the jackal.
The jackal is moderately wounded.
The jackal bites you.
* * * LOW HITPOINT WARNING * * *
You take 2 damage, and have 1/15 hp.
You closely miss the jackal.
The jackal is moderately wounded.
The jackal closely misses you.
You hit the jackal but do no damage.
The jackal is moderately wounded.
The jackal bites you.
You die...

, , * #.#..>......#..# *
#.#.#.......#.####. ,
####.#................ , ,
,......................
.......#.#...#.#.##... , ,
...................... #### ###
*#####g......#.#.###..
.P.####.## #####h#..#..#........
~.~.##.≈.###...#@#..............
≈≈≈~..≈~≈..P.♣.#.#..#..#.......#
≈≈≈~~~~≈≈~.....'................
≈≈~~≈≈~≈~~~..~.'................
P~P~≈≈~PP~~~~~.#.#.............#
P~≈~≈~P~~..~...#.#####.#........
~~PP≈P~P.~.....#.# #.#.......#
################.# *#.#.......#
, ... .........


You could see a jackal and a hobgoblin.

Vanquished Creatures
  A jackal (D:1)
1 creature vanquished.

Notes
Turn   | Place    | Note
-------+----------+-------------------------------------------
     0 | D:1      | jasper the Meteoran Wanderer began the quest for the Orb.
     0 | D:1      | jasper set off with the following items: a +0 dagger, 8
                  | poisoned darts, a scroll of fog, a potion of attraction, a
                  | +0 robe; and the following spell memorised: Apportation;
                  | and the following spells available to memorise: Momentum
                  | Strike, Passage of Golubria.
     0 | D:1      | Reached XP level 1. HP: 14/14 MP: 3/3
    63 | D:1      | Slain by a jackal

Illustrated notes

Levels and vault maps discovered:
D:1:      lightli_arrival_windingriver, layout_basic, minmay_pentomino_p2

Action                     || total
---------------------------++-------
  Melee: Dagger            ||    14
 Armour: Robe              ||    20
  Dodge: Dodged            ||    12

Table legend: (Time is in decaauts)
 A = Elapsed time spent in this place.
 B = Non-inter-level travel time spent in this place.
 C = Inter-level travel time spent in this place.
 D = Time resting spent in this place.
 E = Time spent auto-exploring this place.
 F = Levels seen in this place.
 G = Mean time per level.
                   A        B        C        D        E       F      G
               +--------+--------+--------+--------+--------+-----+--------+
         Total |     63 |     63 |      0 |      0 |     23 |   1 |   63.0 |
       Dungeon |     63 |     63 |      0 |      0 |     23 |   1 |   63.0 |
               +--------+--------+--------+--------+--------+-----+--------+

Top non-repeatable levels by time:
     D:1: 63 daAuts
